 Dungeon Crawl Stone Soup version 0.28-a0-1159-g27aa881441 (webtiles) character file.

Game seed: 6167233844818821346

303 patchburns1 the Skirmisher (level 6, -1/56 HPs)
             Began as a Minotaur Fighter on Dec 16, 2021.
             Was an Initiate of Ru.
             Killed by divine providence
             ... invoked by an orc priest
              (9 damage)
             ... on level 4 of the Dungeon.
             The game lasted 00:13:14 (4277 turns).

patchburns1 the Skirmisher (Minotaur Fighter)       Turns: 4277, Time: 00:13:14

Health: -1/56      AC:  8    Str: 20    XL:     6   Next: 15%
Magic:  5/5        EV: 10    Int:  7    God:    Ru [......]
Gold:   129        SH:  0    Dex: 10    Spells: 5/5 levels left

rFire   . . .      SeeInvis .   a - +0 long sword
rCold   . . .      Faith    .   c - +0 buckler
rNeg    . . .      Spirit   .   b - +0 scale mail
rPois   +          Reflect  .   (helmet restricted)
rElec   .          Harm     .   (no cloak)
rCorr   .          Rampage  .   i - +0 pair of gloves
Will    .....                   (no boots)
Stlth   ..........              (no amulet)
HPRegen 0.18/turn               n - ring of poison resistance
MPRegen 0.09/turn               (no ring)

@: confused
A: horns 2, retaliatory headbutt
a: Renounce Religion


You were on level 4 of the Dungeon.
You worshipped Ru.
Ru was noncommittal.
You visited 2 branches of the dungeon, and saw 5 of its levels.

You collected 129 gold pieces.

Inventory:

Hand Weapons
 a - a +0 long sword (weapon)
 l - a +0 hunting sling
 s - a +0 mace of holy wrath
 x - a +0 shortbow
Missiles
 e - 23 bolts
 j - 56 stones
 r - 16 sling bullets
 t - 6 boomerangs (quivered)
 y - 30 arrows
Armour
 b - a +0 scale mail (worn)
 c - a +0 buckler (worn)
 i - a +0 pair of gloves (worn)
 u - a +1 ring mail of cold resistance
Jewellery
 n - a ring of poison resistance (left hand)
 z - an amulet of magic regeneration
Scrolls
 m - a scroll of teleportation {unknown}
 p - a scroll of amnesia {unknown}
 q - a scroll of brand weapon {unknown}
 w - a scroll of noise {unknown}
Potions
 d - a potion of might
 f - a potion of heal wounds
 g - a potion of ambrosia {unknown}
 k - a potion of curing {unknown}
 o - a potion of berserk rage {unknown}
 v - a potion of magic {unknown}
 A - 2 potions of degeneration
 B - 2 potions of haste
 C - a potion of mutation {unknown}


   Skills:
 * Level 5.0 Fighting
 * Level 4.0 Long Blades
 + Level 1.5 Throwing
 * Level 5.0 Armour
 + Level 1.6 Dodging
 * Level 4.9 Shields


You had 5 spell levels left.
You didn't know any spells.
Your spell library contained the following spells:

 Spells                   Type           Power      Damage    Failure   Level
 Shock                    Conj/Air       0%         1d3       77%         1
 Swiftness                Air            0%         N/A       98%         3
 Airstrike                Air            0%         N/A       100%        4


Dungeon Overview and Level Annotations

Branches:
Dungeon (4/15)             Temple (1/1) D:4

Altars:
Ashenzari
Cheibriados
Elyvilon
Gozag
Hepliaklqana
Kikubaaqudgha
Qazlal
Ru
Sif Muna
Uskayaw
Vehumet
Wu Jian
Zin
The Shining One


Innate Abilities, Weirdness & Mutations

You have a pair of horns on your head.
You reflexively headbutt those who attack you in melee.


Message History

The javelin barely misses the orc wizard.
The javelin barely misses the orc.
The orc priest looks satisfied for a moment.
The ogre hits you with a +0 giant spiked club!
Throw: 2 javelins
Press: ? - help, Q - select action, (/) - cycle Shift-Dir - straight line, f/p - ogre
Aim: an ogre, wielding a +0 giant spiked club (heavily wounded, 73% to hit)
You throw a javelin. The javelin barely misses the ogre.
The javelin pierces through the adder.
The adder is moderately wounded.
The javelin barely misses the orc priest.
The javelin pierces through the orc.
The orc is heavily wounded.
The javelin pierces through the orc.
The orc is severely wounded.
The ogre hits you with a +0 giant spiked club!!
Throw: javelin
Press: ? - help, Q - select action, (/) - cycle Shift-Dir - straight line, f/p - ogre
Aim: an ogre, wielding a +0 giant spiked club (heavily wounded, 73% to hit)
You throw a javelin. The javelin pierces through the ogre.
The ogre is severely wounded.
The javelin pierces through the adder!
The adder is severely wounded.
The javelin closely misses the orc.
The javelin barely misses the kobold.
The ogre hits you with a +0 giant spiked club!!
* * * LOW HITPOINT WARNING * * *
You see here a +0 ring mail.
The orc wizard gestures at you while chanting.
The puff of flame hits you.
* * * LOW HITPOINT WARNING * * *
The orc priest begins to cast a cantrip, but forgets the words!
The orc priest hits you but does no damage.
The orc wizard points at you and mumbles some strange words.
You are confused.
You bump into the rock wall.
The orc priest calls upon Beogh to heal the orc priest.
The orc priest is healed somewhat.
The orc priest calls down the wrath of Beogh upon you.
Beogh smites you!
You die...

#.# #.# ... #.# ...
#.# .. #.###.
#.#..#+# #.#..#.#
#@#..#.# #..o.#.#
#####oo#.###########
#.S..O.o....[.K....o
#.######.###########
#.#....o.#
#...S##### #....#
#....########


You could see an ogre, 2 orc priests, an orc wizard and an orc.

Vanquished Creatures
  A centaur (D:3)
  A water moccasin skeleton (D:4)
  3 gnolls (D:4)
  6 adders
  4 worms
  A dart slug (D:3)
  15 orcs
  A bat (D:3)
  4 endoplasms
  A giant cockroach (D:1)
  4 goblins
  6 hobgoblins
  4 jackals
  2 quokkas (D:2)
  6 ball pythons
  A frilled lizard (D:2)
  3 kobolds
  A rat (D:2)
64 creatures vanquished.

Notes
Turn   | Place    | Note
-------+----------+-------------------------------------------
     0 | D:1      | patchburns1 the Minotaur Fighter began the quest for the
                  | Orb.
     0 | D:1      | Reached XP level 1. HP: 19/19 MP: 0/0
   582 | D:1      | Reached XP level 2. HP: 25/27 MP: 1/1
   995 | D:2      | Reached XP level 3. HP: 33/33 MP: 2/2
  1507 | D:2      | Found a faded altar of an unknown god.
  1711 | D:2      | Reached XP level 4. HP: 36/41 MP: 3/3
  2856 | D:3      | Noticed a centaur
  2861 | D:3      | Killed a centaur
  2862 | D:3      | Reached skill level 1 in Throwing
  2862 | D:3      | Reached skill level 1 in Dodging
  2862 | D:3      | Reached XP level 5. HP: 47/47 MP: 4/4
  2917 | D:3      | Found a glowing silver altar of Zin.
  3012 | D:3      | Found an ornate altar of the Wu Jian Council.
  3801 | D:4      | Found a staircase to the Ecumenical Temple.
  3809 | Temple   | Entered the Ecumenical Temple
  4046 | Temple   | Became a worshipper of Ru the Awakened
  4085 | D:4      | Reached skill level 5 in Fighting
  4085 | D:4      | Reached skill level 5 in Armour
  4085 | D:4      | Reached XP level 6. HP: 46/56 MP: 5/5
  4167 | D:4      | Found a hide-covered altar of Uskayaw.
  4277 | D:4      | Killed from afar by an orc priest

Illustrated notes

Levels and vault maps discovered:
D:1:      heliophobic_arrival_henge, layout_loops_corners
D:2:      layout_basic, dreamdust_ecumenical_altar_statues,
          hangedman_decor_riveting, minmay_misc_feat_secret_circle,
          small_statue_intersection, hangedman_decor_slide_cut, minmay_vboxes
D:3:      layout_loops_corners, general_overflow_altar, zin_academy
D:4:      layout_basic, nicolae_uskayaw_dance_hall, temple_fountains,
          grunt_ministairs_7
Temple:   jpeg_temple_clearing

Skill      XL: |  1  2  3  4  5 |
---------------+----------------+-----
Shields        | 4 |  4.9
Fighting       | 4 5 |  5.0
Armour         | 4 5 |  5.0
Long Blades    | 3 4 |  4.0
Throwing       | 1 |  1.5
Dodging        | 1 |  1.6

Action                   |  1- 3 |  4- 6 || total
-------------------------+-------+-------++-------
Melee: Long sword        |    80 |    88 ||   168
       Headbutt          |    17 |    14 ||    31
Throw: Javelin           |     3 |     4 ||     7
  Use: Scroll            |       |     3 ||     3
Armor: Scale mail        |    30 |    39 ||    69
Dodge: Dodged            |    28 |    51 ||    79
Block: Buckler           |    13 |    19 ||    32

Table legend: (Time is in decaauts)
 A = Elapsed time spent in this place.
 B = Non-inter-level travel time spent in this place.
 C = Inter-level travel time spent in this place.
 D = Time resting spent in this place.
 E = Time spent auto-exploring this place.
 F = Levels seen in this place.
 G = Mean time per level.
                   A        B        C        D        E       F      G
               +--------+--------+--------+--------+--------+-----+--------+
         Total |   4319 |   4319 |      0 |    875 |   2343 |   5 |  863.8 |
       Dungeon |   4070 |   4070 |      0 |    875 |   2234 |   4 | 1017.5 |
        Temple |    248 |    248 |      0 |      0 |    109 |   1 |  248.0 |
               +--------+--------+--------+--------+--------+-----+--------+

Top non-repeatable levels by time:
     D:3: 1705 daAuts
     D:2: 933 daAuts
     D:1: 878 daAuts
     D:4: 552 daAuts
  Temple: 248 daAuts
